Map: Vaani Research Station (Void)

Players

Rodzyn

  • Race: Protoss Protoss
  • League: Master
  • Spawn Location: 6:00

ArT

  • Race: Protoss Protoss
  • League: Master
  • Spawn Location: 12:00

soul - Winner!

  • Race: Terran Terran
  • League: Master

Elazer - Winner!

  • Race: Terran Terran
  • League: Master

VOD

Have the link to the VOD?

Description

Time

  • Played on: Nov. 26, 2016, 3:10 p.m.
  • Length: 14:26
Show
View Real Time Build Order
Export as new Build Order

Rodzyn Protoss 

Build Orders: 1 Gate Expand, Oracle Opening 

Get SALT Encoding   

  12  0:00  Probe (Chrono Boost)  
  13  0:11  Probe (Chrono Boost)  
  14  0:20  Pylon  
  14  0:22  Probe (Chrono Boost)  
  15  0:38  Probe (Chrono Boost)  
  15  0:40  Gateway  
  16  0:45  Assimilator  
  16  0:49  Probe (Chrono Boost)  
  17  0:59  Probe (Chrono Boost)  
  18  1:10  Probe (Chrono Boost)  
  19  1:23  Nexus  
  19  1:27  Probe (Chrono Boost)  
  20  1:37  Cybernetics Core  
  20  1:40  Probe (Chrono Boost)  
  20  1:46  Assimilator  
  21  1:51  Probe (Chrono Boost)  
  22  1:56  Pylon  
  23  2:01  Probe (Chrono Boost)  
  23  2:15  Warp Gate, Mothership Core (Chrono Boost)  
  25  2:18  Adept  
  27  2:33  Probe (Chrono Boost)  
  27  2:36  Probe (Chrono Boost)  
  29  2:44  Probe (Chrono Boost)  
  30  2:47  Probe (Chrono Boost)  
  30  2:49  Stargate  
  31  2:54  Probe (Chrono Boost)  
  31  2:57  Probe (Chrono Boost)  
  33  3:01  Adept  
  33  3:05  Probe (Chrono Boost)  
  36  3:08  Probe (Chrono Boost)  
  37  3:15  Probe (Chrono Boost)  
  37  3:18  Probe (Chrono Boost)  
  39  3:22  Gateway  
  39  3:23  Gateway  
  39  3:26  Probe (Chrono Boost)  
  40  3:27  Oracle  
  40  3:29  Probe (Chrono Boost)  
  44  3:42  Probe (Chrono Boost)  
  44  3:52  Probe (Chrono Boost)  
  44  3:55  Probe (Chrono Boost)  
  46  3:58  Robotics Facility  
  46  4:00  Pylon  
  46  4:13  Nexus  
  46  4:16  Pylon  
  46  4:18  Probe (Chrono Boost)  
  46  4:20  Probe (Chrono Boost)  
  46  4:21  Assimilator  
  46  4:23  Adept, Sentry  
  52  4:29  Probe (Chrono Boost)  
  52  4:31  Void Ray  
  54  4:32  Probe (Chrono Boost)  
  58  4:40  Assimilator  
  58  4:42  Pylon  
  59  4:46  Probe (Chrono Boost)  
  59  4:47  Probe (Chrono Boost)  
  61  4:52  Observer  
  61  4:59  Probe (Chrono Boost)  
  62  5:01  Probe (Chrono Boost)  
  62  5:03  Forge  
  62  5:04  Twilight Council  
  63  5:10  Pylon  
  63  5:11  Probe (Chrono Boost)  
  63  5:12  Probe (Chrono Boost), Void Ray  
  69  5:24  Probe (Chrono Boost)  
  69  5:25  Probe x2 (Chrono Boost)  
  69  5:26  Protoss Ground Armor Level 1  
  69  5:27  Resonating Glaives  
  72  5:30  Pylon  
  72  5:33  Observer  
  75  5:36  Probe x2 (Chrono Boost)  
  75  5:37  Probe (Chrono Boost)  
  76  5:48  Probe (Chrono Boost)  
  76  5:49  Probe (Chrono Boost)  
  79  5:50  Probe (Chrono Boost)  
  79  5:55  Pylon  
  79  5:56  Void Ray  
  79  6:00  Probe (Chrono Boost)  
  79  6:01  Probe (Chrono Boost)  
  79  6:02  Probe (Chrono Boost)  
  86  6:05  Immortal  
  86  6:07  Pylon  
  92  6:12  Probe (Chrono Boost)  
  92  6:13  Probe (Chrono Boost)  
  92  6:17  Gateway x2  
  92  6:21  Protoss Air Weapons Level 1  
  92  6:22  Sentry  
  92  6:25  Assimilator x2  
  94  6:29  Gateway  
  94  6:31  Gateway  
  94  6:33  Gateway  
  94  6:35  Void Ray  
  94  6:36  Pylon  
  94  6:46  Probe x2 (Chrono Boost)  
  94  6:47  Probe (Chrono Boost)  
  101  6:51  Warp Prism  
  103  6:57  Pylon  
  103  6:58  Probe x2 (Chrono Boost)  
  103  6:59  Probe (Chrono Boost), Charge  
  106  7:02  Sentry  
  106  7:03  Sentry  
  106  7:06  Protoss Ground Armor Level 2  
  110  7:08  Pylon  
  110  7:10  Adept  
  112  7:17  Void Ray  
  112  7:19  Pylon  
  112  7:22  Pylon  
  116  7:31  Adept  
  116  7:32  Adept x3  
  116  7:34  Pylon  
  124  7:48  Pylon  
  124  7:52  Adept x7  
  124  7:56  Void Ray  
  138  8:00  Adept  
  144  8:14  Adept x6  
  144  8:15  Adept  
  158  8:27  Pylon  
  158  8:28  Pylon  
  158  8:29  Adept  
  154  8:35  Adept  
  154  8:36  Adept x6  
  136  8:43  Void Ray  
  104  9:00  Adept  
  104  9:01  Adept x7  
  116  9:03  Blink  
  116  9:07  Protoss Ground Weapons Level 1  
  106  9:23  Void Ray, Sentry x2  
  110  9:26  Zealot x6  
  124  9:48  Templar Archives  
  124  9:49  Stalker x3  
  124  9:52  Stalker  
  132  9:56  Nexus  
  132  9:58  Zealot x2  
  136  10:09  Stalker x2  
  140  10:15  Pylon  
  140  10:20  Zealot x6  
  146  10:33  High Templar x2  
  150  10:41  Protoss Ground Armor Level 3  
  150  10:43  High Templar x2, Archon  
  150  10:44  Zealot x4  
  162  10:52  Photon Cannon  
  162  10:54  Archon, Photon Cannon  
  162  10:57  Photon Cannon  
  162  10:59  Assimilator  
  162  11:03  Assimilator  
  162  11:09  Probe (Chrono Boost)  
  165  11:11  Probe x2 (Chrono Boost)  
  165  11:19  High Templar x4  
  165  11:20  Zealot x4  
  165  11:24  Archon x2  
  181  11:27  Robotics Bay  
  181  11:35  Robotics Facility  
  181  11:46  Zealot x4  
  169  12:04  Pylon  
  169  12:06  Mothership Core (Chrono Boost)  
  169  12:07  Pylon  
  156  12:09  Pylon  
  156  12:10  Pylon  
  156  12:12  Pylon  
  156  12:16  Assimilator  
  156  12:20  Pylon  
  156  12:21  Pylon, High Templar x4  
  164  12:23  Pylon, Disruptor x2  
  164  12:25  Archon  
  164  12:26  Archon  
  170  12:38  Probe (Chrono Boost)  
  170  12:40  Probe (Chrono Boost)  
  172  12:49  Probe (Chrono Boost)  
  172  12:50  Probe x2 (Chrono Boost), Nexus  
  173  12:51  Pylon  
  173  12:56  Disruptor x2  
  173  12:59  Probe (Chrono Boost)  
  173  13:00  Probe (Chrono Boost)  
  173  13:02  Probe (Chrono Boost)  
  178  13:14  Forge  
  178  13:27  Stargate  
  178  13:30  Photon Cannon  
  178  13:31  Fleet Beacon, Photon Cannon  
  178  13:33  Stargate  
  178  13:41  Disruptor  
  178  13:43  Observer  
  181  13:48  Stalker x3  
  187  13:59  Zealot x4  
  169  14:07  Zealot  
Show
View Real Time Build Order
Export as new Build Order

ArT Protoss 

Build Orders:  

Get SALT Encoding   

  12  0:00  SCV  
  13  0:12  SCV  
  14  0:18  Supply Depot  
  14  0:25  SCV  
  15  0:30  Refinery  
  15  0:40  SCV  
  16  0:46  Barracks  
  16  0:52  SCV  
  17  1:04  SCV  
  18  1:16  SCV  
  19  1:32  Orbital Command  
  19  1:34  Reaper  
  20  1:47  Command Center  
  20  2:00  Factory  
  20  2:02  SCV  
  20  2:07  Barracks Reactor  
  21  2:12  Supply Depot  
  21  2:16  SCV  
  22  2:28  SCV  
  23  2:40  SCV  
  24  2:49  Barracks Tech Lab  
  24  2:50  Hellion x2  
  28  2:52  SCV  
  29  2:58  Orbital Command  
  29  3:04  SCV  
  30  3:16  SCV  
  30  3:17  Command Center  
  31  3:20  Widow Mine  
  31  3:21  Marine  
  31  3:24  SCV  
  35  3:28  SCV  
  35  3:32  Marine  
  37  3:36  SCV  
  37  3:39  Marine  
  37  3:40  SCV  
  37  3:49  Barracks, SCV  
  37  3:50  Barracks, Marine  
  37  3:54  Siege Tank  
  42  3:59  Engineering Bay  
  42  4:02  SCV x2  
  42  4:04  Marine  
  42  4:08  Marine  
  44  4:11  Supply Depot  
  44  4:14  SCV  
  44  4:15  SCV  
  46  4:26  Refinery  
  46  4:27  Missile Turret  
  46  4:28  SCV x2, Marine  
  46  4:30  Orbital Command  
  49  4:37  Marine  
  47  4:39  Missile Turret  
  47  4:41  SCV  
  47  4:43  Barracks Tech Lab x2  
  47  4:45  SCV  
  44  4:51  Missile Turret  
  44  4:53  SCV  
  44  4:57  Marine x2, SCV  
  44  4:58  SCV  
  48  5:05  SCV  
  48  5:07  Stimpack  
  49  5:08  Combat Shields  
  49  5:09  SCV  
  49  5:10  SCV  
  49  5:13  Siege Tank  
  54  5:17  SCV  
  54  5:19  Supply Depot  
  56  5:21  SCV  
  56  5:22  SCV  
  56  5:23  Marine x3  
  56  5:26  Marine  
  59  5:29  SCV  
  59  5:33  Refinery, SCV  
  61  5:38  Starport  
  61  5:39  Supply Depot  
  61  5:43  Supply Depot, SCV  
  61  5:45  SCV  
  61  5:46  SCV  
  64  5:52  Refinery  
  64  5:54  Siege Tank  
  64  5:56  SCV  
  68  5:57  Marine  
  68  5:58  Marine x2  
  68  5:59  Orbital Command, SCV  
  68  6:04  Marine  
  73  6:08  Terran Infantry Weapons Level 1, SCV  
  72  6:11  SCV  
  72  6:15  Marine  
  74  6:20  SCV  
  74  6:23  SCV  
  74  6:25  SCV  
  77  6:26  Barracks  
  77  6:27  Starport Reactor  
  77  6:28  Barracks  
  77  6:32  SCV  
  78  6:33  Marine  
  78  6:34  Marine  
  78  6:35  SCV  
  78  6:36  Marine x2  
  78  6:37  SCV  
  84  6:44  SCV  
  84  6:45  Missile Turret  
  85  6:51  SCV x2, Marine x2  
  89  6:55  Supply Depot  
  89  6:56  Marine, SCV  
  89  6:57  Supply Depot x2  
  91  7:01  Marine  
  91  7:03  SCV  
  93  7:11  Supply Depot  
  93  7:14  Refinery, Concussive Shells  
  93  7:16  Medivac x2, SCV, Marine x2  
  93  7:17  Marauder  
  93  7:18  Siege Tank, SCV  
  93  7:19  Marine  
  93  7:21  SCV  
  106  7:25  Barracks Reactor, Barracks Tech Lab  
  106  7:28  SCV  
  107  7:30  Supply Depot  
  107  7:31  Supply Depot  
  107  7:33  Supply Depot  
  107  7:37  Marauder  
  107  7:42  Marauder  
  111  7:45  Refinery  
  111  7:50  Siege Tank, Marauder, Marine x2  
  118  7:53  Supply Depot  
  118  7:58  Bunker  
  118  7:59  Marauder  
  118  8:02  Medivac  
  118  8:03  Medivac, Terran Infantry Armor Level 1, Marine  
  118  8:05  Marine  
  125  8:08  Marine  
  125  8:11  Marine  
  125  8:12  Marauder  
  129  8:13  Bunker  
  129  8:15  Liberator  
  128  8:23  Siege Tank  
  128  8:27  Barracks x2, Marine  
  131  8:29  Marine  
  131  8:30  Marine  
  132  8:34  Marine  
  132  8:38  Marine  
  132  8:41  Marine x2  
  109  8:45  Marine  
  109  8:47  Marine  
  109  8:48  Marine  
  106  8:52  Marine  
  101  8:56  Marine  
  101  8:59  Marauder, Marine  
  102  9:03  Marine  
  102  9:06  Medivac  
  102  9:08  SCV x2  
  107  9:11  SCV  
  107  9:13  Engineering Bay, Armory  
  107  9:14  Siege Tank  
  107  9:15  Medivac, Barracks Tech Lab  
  113  9:20  SCV x2  
  113  9:22  Marine  
  113  9:23  Marauder  
  113  9:24  SCV  
  119  9:26  Marauder  
  121  9:34  Ghost Academy  
  121  9:42  Medivac  
  121  9:45  Medivac  
  123  9:47  Siege Tank, Marauder  
  130  9:53  Marine  
  130  9:54  Barracks Tech Lab  
  130  9:56  Supply Depot  
  133  10:05  Marine  
  133  10:06  Marauder  
  131  10:09  Liberator  
  131  10:12  Liberator, Command Center, Ghost  
  131  10:13  Marauder  
  134  10:19  Marauder, Marine  
  135  10:23  Marauder, Marine  
  135  10:24  Siege Tank  
  144  10:31  Marine  
  144  10:32  Marine  
  144  10:33  Marine  
  150  10:36  Marauder  
  150  10:37  Marine  
  150  10:41  Marauder, Marine  
  156  10:46  Marauder  
  158  10:50  Terran Infantry Weapons Level 2  
  158  10:54  Terran Infantry Armor Level 2  
  158  10:56  Siege Tank  
  161  10:58  Terran Vehicle Weapons Level 1  
  161  11:15  Ghost x2, Marine  
  161  11:16  Marauder  
  168  11:19  Marauder  
  168  11:25  Planetary Fortress  
  170  11:28  Siege Tank  
  170  11:29  Marine, SCV x2  
  170  11:30  Marauder  
  170  11:32  Marine  
  178  11:33  Marine  
  178  11:34  Marine  
  178  11:37  Marine  
  181  11:40  Marine  
  181  11:44  Marine  
  180  11:50  Marauder, Marine  
  165  11:54  Marine  
  165  11:55  Marauder, Marine  
  165  11:56  Marauder  
  165  11:58  Marine  
  165  11:59  Marauder  
  165  12:00  Siege Tank  
  169  12:03  Medivac  
  169  12:04  Marauder  
  159  12:11  Marine  
  159  12:12  Marauder  
  159  12:14  Medivac  
  161  12:15  Marine  
  161  12:19  Marine  
  163  12:23  Ghost  
  163  12:29  Ghost  
  165  12:30  Marauder, Marine  
  165  12:32  Siege Tank  
  165  12:33  Marauder  
  165  12:34  Marine  
  176  12:39  Ghost  
  176  12:40  Marine  
  178  12:49  SCV  
  178  12:51  Ghost  
  179  12:52  Barracks  
  181  13:01  Ghost, SCV  
  181  13:02  Marine  
  181  13:05  Siege Tank  
  188  13:11  Marine  
  188  13:23  Sensor Tower  
  188  13:57  SCV  
  188  14:00  Marine  
  188  14:01  Marine x2  
  187  14:03  Marauder  
Show
View Real Time Build Order
Export as new Build Order

soul Terran - Winner!

Build Orders:  

Get SALT Encoding   

Show
View Real Time Build Order
Export as new Build Order

Elazer Terran - Winner!

Build Orders:  

Get SALT Encoding   

Tags
 
Add a new tag
Caveats
  • Supply blocks, unpowered buildings, or Contaminate may cause inaccurate times.
  • Supply counts are checked every 10 seconds.